 Dungeon Crawl Stone Soup version 0.19.0 (webtiles) character file.

30656 TheGoonsmith the Spear-Bearer (level 13, -15/109 HPs)
             Began as a Merfolk Summoner on Nov 16, 2016.
             Was a High Priest of Dithmenos.
             Demolished by a death yak (25 damage)
             ... on level 6 of the Lair of Beasts.
             The game lasted 00:50:03 (20935 turns).

TheGoonsmith the Spear-Bearer (Merfolk Summoner)   Turns: 20935, Time: 00:50:04

Health: -15/109    AC:  8    Str:  9    XL:     13   Next: 53%
Magic:  7/26       EV: 30    Int: 20    God:    Dithmenos [*****.]
Gold:   1080       SH:  6    Dex: 19    Spells: 6 memorised, 13 levels left

rFire  . . .     SeeInvis .     A - +3 trident (vamp)
rCold  . . .     Gourm    .     a - +0 robe
rNeg   . . .     Faith    .     B - +0 buckler
rPois  .         Spirit   .     T - +1 helmet
rElec  .         Reflect  .     j - +1 cloak
rCorr  .         Harm     .     J - +1 pair of gloves {Dex+3}
MR     ++...                    (no boots)
Stlth  ++++......               u - amulet of regeneration
                                S - +6 ring of evasion
                                U - ring of the Mage {Wiz MR++ Int+3}

@: about to teleport, wreathed by umbra, repel missiles
A: change form in water, swift swim, stealthy swim
a: Shadow Step, Shadow Form, Renounce Religion


You were on level 6 of the Lair of Beasts.
You worshipped Dithmenos.
Dithmenos was extremely pleased with you.
You were very hungry.

You visited 3 branches of the dungeon, and saw 17 of its levels.
You also visited: Labyrinth.

You collected 1080 gold pieces.

Inventory:

Hand Weapons
 A - a +3 vampiric trident (weapon)
Missiles
 t - 13 tomahawks (quivered)
 X - a throwing net
Armour
 a - a +0 robe (worn)
 j - a +1 cloak (worn)
 B - a +0 buckler (worn)
 J - a +1 pair of gloves of dexterity (worn)
 T - a +1 helmet (worn)
 W - a +0 ring mail of magic resistance
Jewellery
 g - an uncursed ring of see invisible
 i - an uncursed amulet of harm {unknown}
 u - an amulet of regeneration (around neck)
 v - an uncursed ring of protection from fire
 S - a +6 ring of evasion (right hand)
 U - the ring of the Mage (left hand) {Wiz MR++ Int+3}
   (You found it on level 9 of the Dungeon)

   [ring of wizardry]

   It improves your spell success rate.
   It affects your intelligence (+3).
   It affects your resistance to hostile enchantments.
Wands
 h - a wand of polymorph (14/24)
 l - a wand of iceblast (8/15)
 q - a wand of iceblast (15/15)
 w - a wand of lightning (10/15)
 y - a wand of digging (9/24)
 D - a wand of teleportation (4/9)
 I - a wand of lightning (10/15)
 O - a wand of polymorph (7/24)
 R - a wand of lightning (6/15)
 V - a wand of confusion (14/48)
Scrolls
 b - a scroll of enchant armour
 c - 3 scrolls of identify
 f - a scroll of blinking
 k - 5 scrolls of remove curse
 r - a scroll of fear
 C - 2 scrolls of teleportation
 H - 3 scrolls of fog
 M - 3 scrolls of recharging
Potions
 d - 2 potions of might
 e - a potion of brilliance {unknown}
 m - a potion of heal wounds
 p - a potion of berserk rage
 x - 3 potions of curing
 z - 4 potions of flight
 F - a potion of ambrosia
 P - a potion of haste
Books
 o - a book of Minor Magic

   Spells                             Type                      Level
   a - Magic Dart                     Conjuration                  1
   b - Blink                          Translocation                2
   c - Call Imp                       Summoning                    2
   d - Repel Missiles                 Charms/Air                   2
   e - Slow                           Hexes                        2
   f - Conjure Flame                  Conjuration/Fire             3
   g - Mephitic Cloud                 Conjuration/Poison/Air       3
 L - a book of Cantrips

   Spells                             Type                      Level
   a - Confusing Touch                Hexes                        1
   b - Animate Skeleton               Necromancy                   1
   c - Summon Small Mammal            Summoning                    1
   d - Apportation                    Translocation                1
 Z - a book of Air

   Spells                             Type                      Level
   a - Shock                          Conjuration/Air              1
   b - Swiftness                      Charms/Air                   2
   c - Repel Missiles                 Charms/Air                   2
   d - Static Discharge               Conjuration/Air              3
   e - Lightning Bolt                 Conjuration/Air              5
Comestibles
 n - 13 meat rations
 s - 16 chunks of flesh
 G - 47 fruits


   Skills:
 + Level 12.5 Fighting
 - Level 14.1 Polearms
 + Level 13.4 Dodging
 - Level 2.1 Stealth
 - Level 4.0 Shields
 - Level 9.0 Spellcasting
 - Level 7.0 Summonings
 - Level 4.3 Ice Magic
 - Level 2.0 Air Magic


You had 13 spell levels left.
You knew the following spells:

 Your Spells              Type           Power        Failure   Level  Hunger
a - Summon Ice Beast      Ice/Summ       ####....     4%          4    ###....
b - Call Imp              Summ           #####...     1%          2    None
c - Call Canine Familiar  Summ           #####...     1%          3    None
d - Summon Lightning Spi  Summ/Air       ####....     6%          4    ###....
e - Blink                 Tloc           N/A          6%          2    None
r - Repel Missiles        Chrm/Air       ##....       4%          2    None


Dungeon Overview and Level Annotations

Branches:
Dungeon (10/15)            Temple (1/1) D:5            Lair (6/6) D:8
 Shoals (0/4) Lair:3        Snake (0/4) Lair:3        Slime (0/5) Lair:6
    Orc (0/2) D:9

Altars:
Ashenzari
Cheibriados
Dithmenos
Elyvilon
Fedhas
Gozag
Hepliaklqana
Kikubaaqudgha
Makhleb
Nemelex Xobeh
Okawaru
Qazlal
Ru
Sif Muna
Trog
Uskayaw
Vehumet
Xom
Yredelemnul
Zin
The Shining One
Jiyva


Message History

You are engulfed in calcifying dust.
The catoblepas breathes a plume of calcifying dust at you.
The blast of calcifying dust hits you! The catoblepas gores you!!
* * * LOW HITPOINT WARNING * * *
You turn to flesh and can move again.
You feel much better.
The death yak is no longer petrified.
The catoblepas breathes a plume of calcifying dust at you.
The blast of calcifying dust hits you!
Okay, then.
The death yak is no longer petrified.
As you read the scroll of teleportation, it crumbles to dust.
You feel strangely unstable.
The death yak is engulfed in calcifying dust.
The death yak is moving more slowly.
The death yak barely misses you. The catoblepas gores you!!
* * * LOW HITPOINT WARNING * * *
The death yak is engulfed in calcifying dust.
The death yak is moving more slowly.
The death yak gores you!!
You die...

.. #..P####...##†...#..
#...##....##.......P
##..###...###.......
#P.## ##...####...P.
#..# ###..# #..P.. #..##
###.P# ##.... ##..#
#....# #.....
#.#####...####.....
##.@Y##.....##......
.#§§YY.P.....##......
.#..#...P.....#.##....
.......................
#.........#.#....#..P...
.....#...#..#########P#P
#..........### ####
#....#.......#
.#.##..P...###


You could see 2 death yaks and a catoblepas.

Vanquished Creatures
  A minotaur (Lab)
  The ghost of hyperkramin the Covert, a novice KoNe of Kikubaaqudgha (D:8)
  Pikel (D:5)
  3 black mambas
  An elephant (Lair:6)
  A torpor snail (Lair:2)
  10 spiny frogs
  A rime drake (Lair:4)
  9 komodo dragons
  13 blink frogs
  A hippogriff (Lair:6)
  A spriggan (Lair:2)
  17 yaks
  A steam dragon (Lair:4)
  A naga (Lair:3)
  8 porcupines
  12 water moccasins
  2 slaves (D:5)
  A black bear (Lair:6)
  2 phantoms (D:9)
  2 ice beasts
  2 sky beasts
  A centaur (D:9)
  13 crocodiles
  7 bullfrogs
  A scorpion (D:9)
  3 wights (D:8)
  An electric eel (Lair:4)
  A howler monkey (D:7)
  3 crimson imps
  A quasit (D:6)
  3 centaur skeletons
  3 bullfrog skeletons
  A hound (D:6)
  2 orc priests (D:6)
  A jelly (D:8)
  3 orc wizards (D:4)
  An iguana (D:10)
  4 worker ants
  3 ogre zombies (D:9)
  2 hound skeletons
  3 adders
  2 river rats (D:8)
  An ooze (D:1)
  2 adder skeletons
  3 worms
  2 dart slugs
  9 leopard geckos
  14 orcs
  4 giant cockroaches
  4 hobgoblins
  2 jackals
  A quokka (D:5)
  A ball python (D:1)
  3 bats
  6 frilled lizards
  3 goblins
  A goblin zombie (D:9)
  A hobgoblin skeleton (D:9)
  A jackal zombie (D:5)
  3 kobolds
  A leopard gecko zombie (D:5)
  8 orc zombies (D:9)
  12 rats
  A fungus (Lair:3)
  A plant (Lair:4)
234 creatures vanquished.

Vanquished Creatures (collateral kills)
  A hydra (Lair:6)
  A hill giant (D:9)
  A manticore (Lair:3)
  A deep elf mage (D:10)
  An oklob plant (Lair:3)
  3 elephants (Lair:6)
  A black mamba (Lair:4)
  2 spiny frogs (Lair:4)
  4 komodo dragons
  A merfolk (D:10)
  A hornet (D:8)
  7 hippogriffs
  7 blink frogs
  13 yaks
  2 hungry ghosts
  2 basilisks
  A steam dragon (D:10)
  3 nagas (Lair:3)
  6 water moccasins
  2 slaves (D:5)
  A black bear (Lair:6)
  3 orc warriors
  4 ogres
  2 centaurs
  2 crocodiles (Lair:5)
  3 bullfrogs
  4 scorpions
  A troll zombie (D:9)
  5 wights
  2 howler monkeys
  3 electric eels
  4 crimson imps
  4 orc priests (D:9)
  2 hounds
  A jelly (D:3)
  2 bullfrog skeletons
  8 orc wizards
  4 iguanas
  3 worker ants
  2 ogre zombies (D:9)
  A hound skeleton (D:7)
  A worker ant zombie (D:5)
  10 adders
  2 river rats (D:8)
  A shadow imp (D:6)
  An ooze (D:1)
  An adder skeleton (D:6)
  2 worms
  A dart slug (D:1)
  31 orcs
  2 bats
  3 giant cockroaches
  3 goblins
  8 hobgoblins
  5 jackals
  3 ball pythons
  4 frilled lizards
  A goblin skeleton (D:9)
  2 goblin zombies (D:9)
  2 hobgoblin zombies (D:9)
  A jackal skeleton (D:5)
  2 kobolds
  A leopard gecko zombie (D:5)
  An orc skeleton (D:9)
  3 orc zombies (D:9)
  2 rats (D:3)
  2 plants (Lair:4)
216 creatures vanquished.

Vanquished Creatures (others)
  3 bushes (D:8)
  2 fungi (D:8)
  17 plants
22 creatures vanquished.

Grand Total: 472 creatures vanquished

Notes
Turn   | Place    | Note
-------+----------+-------------------------------------------
     0 | D:1      | TheGoonsmith the Merfolk Summoner began the quest for the Orb.
     0 | D:1      | Reached XP level 1. HP: 13/13 MP: 3/3
   182 | D:1      | Reached skill level 1 in Fighting
   188 | D:1      | Reached XP level 2. HP: 15/22 MP: 0/5
   472 | D:1      | Learned a level 2 spell: Call Imp
   889 | D:1      | Reached XP level 3. HP: 28/28 MP: 3/6
  1561 | D:2      | You fall through a shaft for 2 floors!
  2489 | D:2      | Reached XP level 4. HP: 36/37 MP: 2/7
  2631 | D:2      | Found a sparkling altar of Nemelex Xobeh.
  3519 | D:3      | Reached XP level 5. HP: 30/43 MP: 1/8
  3647 | D:3      | Reached skill level 5 in Fighting
  3881 | D:3      | Learned a level 3 spell: Call Canine Familiar
  4480 | D:4      | Noticed an ogre
  4489 | D:4      | Killed an ogre
  4588 | D:5      | Entered Level 5 of the Dungeon
  4588 | D:5      | Noticed a slave
  4588 | D:5      | Noticed a slave
  4588 | D:5      | Noticed a slave
  4590 | D:5      | Noticed Pikel
  4756 | D:5      | Found a staircase to the Ecumenical Temple.
  4784 | Temple   | Entered the Ecumenical Temple
  5073 | D:5      | Found a shadowy altar of Dithmenos.
  5073 | D:5      | Found a hazy altar of Hepliaklqana.
  5074 | D:5      | Found a bloodstained altar of Trog.
  5075 | D:5      | Found a shattered altar of Ashenzari.
  5076 | D:5      | Found a burning altar of Makhleb.
  5084 | D:5      | Became a worshipper of Dithmenos the Shadowed
  5176 | D:5      | Noticed a centaur
  5184 | D:5      | HP: 1/46 [centaur (5)]
  5187 | D:5      | Killed a centaur
  5187 | D:5      | Reached XP level 6. HP: 33/53 MP: 0/9
  5590 | D:5      | Killed a slave
  5988 | D:4      | Reached skill level 1 in Polearms
  5989 | D:4      | Reached skill level 2 in Polearms
  6111 | D:4      | Reached skill level 3 in Polearms
  6220 | D:4      | Reached * piety under Dithmenos
  6236 | D:4      | Reached skill level 4 in Polearms
  6441 | D:4      | Reached XP level 7. HP: 59/59 MP: 10/10
  6656 | D:4      | Reached skill level 5 in Polearms
  6662 | D:4      | Learned a level 4 spell: Summon Ice Beast
  7050 | D:5      | Killed Pikel
  7050 | D:5      | Reached skill level 5 in Summonings
  7050 | D:5      | Reached XP level 8. HP: 16/65 MP: 2/12
  7809 | D:6      | Reached ** piety under Dithmenos
  8044 | D:6      | Found a basalt altar of Yredelemnul.
  8554 | D:7      | Reached XP level 9. HP: 57/71 MP: 5/15
  8779 | D:7      | Reached skill level 5 in Spellcasting
  8914 | D:7      | Found a sacrificial altar of Ru.
  9137 | D:7      | Identified Edeima's Incunabulum of Hurtful Contamination
  9520 | D:8      | Learned a level 4 spell: Summon Lightning Spire
  9647 | D:8      | Reached skill level 5 in Dodging
  9882 | D:8      | Reached *** piety under Dithmenos
 10476 | D:8      | Noticed hyperkramin's ghost (novice KoNe)
 10490 | D:8      | Killed hyperkramin's ghost
 10512 | D:8      | Found a staircase to the Lair.
 10513 | D:8      | Noticed a komodo dragon
 10524 | D:8      | Killed a komodo dragon
 10524 | D:8      | Reached skill level 10 in Dodging
 10524 | D:8      | Reached XP level 10. HP: 29/77 MP: 4/17
 10537 | D:8      | Reached skill level 1 in Air Magic
 11464 | D:9      | Reached skill level 6 in Polearms
 11503 | D:9      | Reached **** piety under Dithmenos
 11766 | D:9      | Reached skill level 7 in Polearms
 11987 | D:9      | Noticed a hill giant
 11993 | D:9      | Killed a hill giant
 11993 | D:9      | Reached skill level 8 in Polearms
 12422 | D:9      | Found a staircase to the Orcish Mines.
 12473 | D:9      | Reached skill level 9 in Polearms
 12709 | D:9      | Reached ***** piety under Dithmenos
 12872 | D:9      | Reached skill level 10 in Fighting
 12872 | D:9      | Reached skill level 12 in Polearms
 12872 | D:9      | Reached XP level 11. HP: 92/92 MP: 18/18
 12948 | D:10     | Entered Level 10 of the Dungeon
 13199 | D:10     | Reached skill level 13 in Polearms
 13322 | D:10     | Noticed a deep elf mage
 13346 | D:10     | Killed a deep elf mage
 13891 | Lair:1   | Entered Level 1 of the Lair of Beasts
 13951 | Lair:1   | Reached XP level 12. HP: 90/99 MP: 2/19
 13965 | Lair:1   | Reached skill level 14 in Polearms
 14008 | Lair:1   | Found a labyrinth entrance.
 14014 | Lab      | Entered a labyrinth
 14189 | Lab      | Noticed a minotaur
 14219 | Lab      | Killed a minotaur
 14301 | Lair:1   | Identified a scroll of acquirement
 15758 | Lair:2   | Reached skill level 1 in Shields
 16144 | Lair:3   | Found a staircase to the Shoals.
 16753 | Lair:3   | Found a staircase to the Snake Pit.
 17517 | Lair:3   | Learned a level 2 spell: Repel Missiles
 17531 | Lair:3   | Learned a level 2 spell: Blink
 17616 | Lair:4   | Reached XP level 13. HP: 81/106 MP: 0/26
 19872 | Lair:6   | Entered Level 6 of the Lair of Beasts
 20288 | Lair:6   | Found a staircase to the Slime Pits.
 20289 | Lair:6   | Found a viscous altar of Jiyva.
 20932 | Lair:6   | HP: 4/109 [catoblepas (17)]
 20935 | Lair:6   | Demolished by a death yak

Skill      XL: |  1  2  3  4  5  6  7  8  9 10 11 12 13 |
---------------+----------------------------------------+-----
Fighting       | 1 2 3 4 6 10 11 12 | 12.5
Polearms       | 4 5 12 13 14 | 14.1
Spellcasting   | 3 4 5 9 |  9.0
Summonings     | 5 7 |  7.0
Ice Magic      | 2 4 |  4.3
Dodging        | 10 11 13 | 13.4
Air Magic      | 2 |  2.0
Shields        | 4 |  4.0
Stealth        | |  2.1

Action                   |  1- 3 |  4- 6 |  7- 9 | 10-12 | 13-15 || total
-------------------------+-------+-------+-------+-------+-------++-------
Melee: Unarmed           |     9 |       |       |       |       ||     9
       Club              |   107 |   151 |       |       |       ||   258
       Trident           |       |    70 |   334 |   657 |   319 ||  1380
       Tailslap          |       |       |       |     1 |     1 ||     2
 Cast: Summon Small Mamm |    34 |     2 |       |       |       ||    36
       Call Imp          |    13 |    73 |    14 |       |       ||   100
       Call Canine Famil |       |    16 |     9 |       |       ||    25
       Summon Ice Beast  |       |       |    63 |   153 |    96 ||   312
       Summon Lightning  |       |       |       |    11 |     2 ||    13
       Repel Missiles    |       |       |       |     1 |       ||     1
  Use: Scroll            |       |    12 |     9 |    12 |     2 ||    35
       Potion            |       |     1 |     1 |     1 |     1 ||     4
 Stab: Distracted        |     1 |     3 |     4 |    13 |    11 ||    32
       Sleeping          |       |     9 |     3 |     9 |     4 ||    25
  Eat: Chunk             |     7 |    15 |    22 |    24 |    16 ||    84
       Bread ration      |       |     1 |     1 |     3 |     1 ||     6
       Beef jerky        |       |       |       |     1 |       ||     1
       Fruit             |       |       |       |     1 |       ||     1
       Meat ration       |       |       |       |     1 |       ||     1
Armor: Robe              |    32 |    34 |    50 |    31 |    16 ||   163
Dodge: Dodged            |   113 |   159 |   229 |   404 |   196 ||  1101
Block: Buckler           |       |       |       |    28 |    50 ||    78
